 Dungeon Crawl Stone Soup version 0.29-a0-334-gb41bcbb86e (webtiles) character file.

Game seed: 8596468418245090789

50 jlumianski the Skirmisher (level 3, 0/29 HPs)
             Began as a Demonspawn Fighter on Apr 14, 2022.
             Slain by Natasha (5 damage)
             ... on level 2 of the Dungeon.
             The game lasted 00:03:48 (1608 turns).

jlumianski the Skirmisher (Demonspawn Fighter)      Turns: 1608, Time: 00:03:48

Health: 0/29       AC:  6    Str: 18    XL:     3   Next: 55%
Magic:  3/3        EV:  9    Int:  9    God:
Gold:   76         SH:  8    Dex: 12    Spells: 2/2 levels left

rFire   . . .      SeeInvis .   a - +0 war axe
rCold   . . .      Faith    .   c - +0 buckler
rNeg    . . .      Spirit   .   b - +0 scale mail
rPois   .          Reflect  .   (no helmet)
rElec   .          Harm     .   (no cloak)
rCorr   .          Rampage  .   (no gloves)
Will    .....                   (no boots)
Stlth   ..........              (no amulet)
HPRegen 0.09/turn               (no ring)
MPRegen 0.08/turn               (no ring)

@: no status effects
A: large bone plates 1, demonic guardian 1
a: no special abilities


You were on level 2 of the Dungeon.
You visited 1 branch of the dungeon, and saw 3 of its levels.

You collected 76 gold pieces.

Inventory:

Hand Weapons
 a - a +0 war axe (weapon)
Missiles
 g - 14 stones (quivered)
Armour
 b - a +0 scale mail (worn)
 c - a +0 buckler (worn)
Jewellery
 f - a ring of magical power
Scrolls
 e - a scroll of blinking {unknown}
Potions
 d - 2 potions of might
 h - a potion of degeneration {unknown}
 i - 2 potions of haste {unknown}
 j - a potion of mutation {unknown}
 k - a potion of curing {unknown}


   Skills:
 + Level 3.3 Fighting
 + Level 2.3 Axes
 + Level 3.2 Armour
 + Level 0.8 Dodging
 + Level 3.0 Shields


You had 2 spell levels left.
You didn't know any spells.
Your spell library was empty.

Dungeon Overview and Level Annotations

Branches:
Dungeon (3/15)

Altars:

Annotations:
D:2 Natasha


Innate Abilities, Weirdness & Mutations

You are partially covered in large bone plates. (SH +4)
A weak demonic guardian rushes to your aid.


Message History

You throw a poisoned dart. The poisoned dart hits Natasha.
Throw: dart (poison)
Press: ? - help, Q - select action, (/) - cycle Shift-Dir - straight line, f/p - Natasha
Aim: Natasha (50% to hit)
You throw a poisoned dart.
The poisoned dart barely misses Natasha.
You block Natasha's attack.
You slash Natasha!
Natasha is heavily wounded.
Natasha stares at you and mumbles some strange words.
You resist with significant effort. You block Natasha's attack.
You closely miss Natasha.
Natasha is heavily wounded.
Natasha claws you.
You closely miss Natasha.
Natasha is heavily wounded.
Natasha claws you but does no damage.
You closely miss Natasha.
Natasha is heavily wounded.
You block Natasha's attack. Natasha claws you.
You closely miss Natasha.
Natasha is heavily wounded.
You block Natasha's attack.
You completely miss Natasha.
Natasha is heavily wounded.
Natasha claws you!
* * * LOW HITPOINT WARNING * * *
A demonic guardian appears!
Natasha claws you.
* * * LOW HITPOINT WARNING * * *
You barely miss Natasha.
Natasha is heavily wounded.
Your quasit barely misses Natasha. x2
Your quasit claws Natasha but does no damage.
Natasha mumbles some strange words.
You barely miss Natasha.
Natasha is heavily wounded.
Your quasit bites Natasha.
Your quasit claws Natasha.
Your quasit claws Natasha but does no damage.
Natasha claws you.
You die...

####.####.#######.#
#.........# #.#
#####.####.#### #.#
#.......##.##.####.#
#.....#.##.....†...#
#.....#.##.##.####.#
#..............# #.#
#....##.##.##..# #.#
#..@.##.##.##....###
#..h.##........#.#
#...5##.#..##.....
#..5.##......... ..
#..........#
..........##
#...(..# .....#.#


You could see Natasha (ally target), a crimson imp (summoned) and a friendly
quasit (summoned).

Vanquished Creatures
  A white imp (D:2)
  2 bats (D:1)
  5 endoplasms (D:1)
  2 giant cockroaches
  6 goblins
  7 hobgoblins
  2 jackals (D:1)
  3 ball pythons (D:1)
  3 frilled lizards (D:1)
  3 kobolds (D:1)
  5 rats (D:1)
39 creatures vanquished.

Notes
Turn   | Place    | Note
-------+----------+-------------------------------------------
     0 | D:1      | jlumianski the Demonspawn Fighter began the quest for the
                  | Orb.
     0 | D:1      | Reached XP level 1. HP: 18/18 MP: 1/1
   399 | D:1      | Gained mutation: You are partially covered in large bone
                  | plates. (SH +4) [demonic ancestry]
   399 | D:1      | Reached XP level 2. HP: 21/24 MP: 2/2
   801 | D:2      | Gained mutation: A weak demonic guardian rushes to your
                  | aid. [demonic ancestry]
   801 | D:2      | Reached XP level 3. HP: 18/29 MP: 3/3
  1596 | D:2      | Noticed Natasha
  1608 | D:2      | Slain by Natasha

Illustrated notes

Levels and vault maps discovered:
D:1:      lightli_arrival_flooded_house, layout_basic,
          nicolae_concentric_dashed_squares_mild, minmay_misc_feat_secret_circle
D:2:      minmay_diamond_boxcup, layout_basic, serial_shops, shop, shop_statue,
          nicolae_shop_advertising_works [nicolae_subvault_shop_adworks],
          uniq_natasha, uniq_sigmund
D:3:      layout_basic, nicolae_wormholes, uniq_crazy_yiuf_cottage, uniq_terence

Skill      XL: |  1  2  3 |
---------------+----------+-----
Armour         | 3 |  3.2
Axes           | 2 |  2.3
Shields        | 3 |  3.0
Fighting       | |  3.3
Dodging        | |  0.8

Action                   || total
-------------------------++-------
Melee: War axe           ||    90
Throw: Dart              ||     2
Armor: Scale mail        ||    40
Dodge: Dodged            ||    46
Block: Buckler           ||    49

Table legend: (Time is in decaauts)
 A = Elapsed time spent in this place.
 B = Non-inter-level travel time spent in this place.
 C = Inter-level travel time spent in this place.
 D = Time resting spent in this place.
 E = Time spent auto-exploring this place.
 F = Levels seen in this place.
 G = Mean time per level.
                   A        B        C        D        E       F      G
               +--------+--------+--------+--------+--------+-----+--------+
         Total |   1648 |   1627 |     21 |      0 |   1211 |   3 |  549.3 |
       Dungeon |   1648 |   1627 |     21 |      0 |   1211 |   3 |  549.3 |
               +--------+--------+--------+--------+--------+-----+--------+

Top non-repeatable levels by time:
     D:1: 1528 daAuts
     D:2: 113 daAuts
     D:3: 6 daAuts
